 Dungeon Crawl Stone Soup version 0.29-a0-719-g0fec994a2d (webtiles) character file.

Game seed: 3773467694618333183

28844 Haaias the Severer (level 13, -3/96 HPs)
             Began as a Minotaur Berserker on June 27, 2022.
             Was an Elder of Trog.
             Slain by Sonja
             ... wielding a +0 dagger of distortion
              (24 damage)
             ... on level 1 of the Orcish Mines.
             The game lasted 00:35:27 (24005 turns).

Haaias the Severer (Minotaur Berserker)            Turns: 24005, Time: 00:35:30

Health: -3/96      AC: 32    Str: 25    XL:     13   Next: 12%
Magic:  12/12      EV: 10    Int:  4    God:    Trog [****..]
Gold:   1024       SH:  0    Dex: 12    Spells: 12/12 levels left

rFire   . . .      SeeInvis .   X - +5 battleaxe
rCold   . . .      Faith    .   (shield currently unavailable)
rNeg    . . .      Spirit   .   L - +3 plate armour {rPois}
rPois   +          Reflect  .   N - +2 hat
rElec   .          Harm     .   w - +1 cloak
rCorr   .          Rampage  .   U - +2 pair of gloves
Will    .....                   (no boots)
Stlth   ..........              (no amulet)
HPRegen 0.26/turn               Z - +4 ring of protection
MPRegen 0.13/turn               O - +4 ring of slaying

@: about to teleport, slowed, very slow
A: horns 2, retaliatory headbutt, talons 1, sense surroundings 1, screaming 1
a: Renounce Religion, Berserk, Trog's Hand, Brothers in Arms


You were on level 1 of the Orcish Mines.
You worshipped Trog.
Trog was greatly pleased with you.
You visited 2 branches of the dungeon, and saw 14 of its levels.

You collected 1024 gold pieces.

Inventory:

Hand Weapons
 G - a +0 broad axe of pain
 X - a +5 battleaxe (weapon)
Missiles
 g - 4 boomerangs of dispersal (quivered)
 r - a throwing net
 A - 41 poisoned darts
Armour
 w - a +1 cloak (worn)
 L - a +3 plate armour of poison resistance (worn)
 N - a +2 hat (worn)
 U - a +2 pair of gloves (worn)
Jewellery
 O - a +4 ring of slaying (right hand)
 Z - a +4 ring of protection (left hand)
Wands
 a - a wand of paralysis (2)
 s - a wand of light (8)
 y - a wand of polymorph (13)
 B - a wand of flame (25)
 Q - a wand of digging (5)
 S - a wand of iceblast (8)
Scrolls
 c - a scroll of silence
 d - a scroll of teleportation
 e - a scroll of enchant armour
 k - 2 scrolls of vulnerability
 t - 4 scrolls of enchant weapon
 u - 6 scrolls of identify
 E - a scroll of fog
 F - a scroll of blinking
 R - a scroll of fear
Potions
 b - a potion of experience {unknown}
 j - 9 potions of curing
 n - 3 potions of ambrosia
 o - 3 potions of mutation
 z - 4 potions of haste
 C - a potion of flight
 K - a potion of brilliance
 P - 2 potions of magic
 V - a potion of resistance
 W - a potion of might


   Skills:
 - Level 4.1 Fighting
 + Level 20.0 Axes
 + Level 16.1 Armour
 + Level 5.1 Dodging
 + Level 2.5 Stealth


You had 12 spell levels left.
You didn't know any spells.
Your spell library was empty.

Dungeon Overview and Level Annotations

Branches:
Dungeon (13/15)            Temple (0/1) D:7            Lair (0/6) D:8
    Orc (1/2) D:11
 Vaults: D:13-14

Altars:
Fedhas
Sif Muna
Vehumet

Shops:
D:8 *

Annotations:
Orc:1 Sonja


Innate Abilities, Weirdness & Mutations

You have a pair of horns on your head.
You reflexively headbutt those who attack you in melee.
You have sharp toenails.
You passively map a small area around you.
You occasionally shout uncontrollably at your foes.


Message History

You see here a bat corpse.
You hit Sonja. Your kick misses Sonja. You headbutt Sonja.
Sonja is moderately wounded.
Sonja closely misses you. Sonja hits you but does no damage.
You blink. 2 orcs, an ogre and an orc warrior come into view.
The orc shouts!
The orc warrior shouts!
You slice the orc warrior!! You claw the orc warrior.
The orc warrior is severely wounded.
You hear a shout! x2
The orc warrior hits you but does no damage.
You closely miss the orc warrior.
You claw the orc warrior, but do no damage.
You headbutt the orc warrior!
You kill the orc warrior!
Trog accepts your kill.
An orc comes into view. It is wielding a +0 hand axe.
The orc priest calls down the wrath of Beogh upon you.
Beogh smites you!
Sonja mumbles some strange words.
Sonja blinks!
Sonja hits you but does no damage. Space warps horribly around you!!
Sonja hits you but does no damage. Space warps around you.
Sonja barely misses you.
The orc priest invokes the aid of Beogh against you.
Beogh smites you! Sonja hits you but does no damage. x2
Space warps horribly around you!
* * * LOW HITPOINT WARNING * * *
Sonja hits you but does no damage.
You blink.
Found 54 gold pieces.
As you read the scroll of teleportation, it crumbles to dust.
You feel strangely unstable.
Sonja throws a curare-tipped dart.
The curare-tipped dart hits you.
Sonja casts a spell.
Sonja blinks!
Your ogre goes berserk!
Trog will no longer gift you weapons.
Sonja shouts, "Hah!
Missed me again!"
Sonja hits you but does no damage. Space warps around you.
* * * LOW HITPOINT WARNING * * *
Sonja hits you but does no damage. Space warps horribly around you!!
You die...

* ** ##....b* ..
.....,, * ..#* *
...., * ...# #..,
### *
....$###.###..#####
.....#.....o.......
,
.........†)##......
#....^<..††# o....
#....K@..### ,o...
* ###....### ,,...
#.....O. ,..
.........$, ,,,,, o
, , ...^..#....
....###..... ,,, ,
.... ###.... * .$.
* ..... * , *


You could see Sonja (ally target), an orc priest and a friendly ogre (summoned,
berserk).

Vanquished Creatures
  Frances (D:13)
  Erica (D:9)
  2 hydras
  3 centaur warriors
  The ghost of supermoro the Blocker, a journeyman GrFi of Gozag (D:11)
  A two-headed ogre (D:13)
  2 tengu warriors
  6 skeletal warriors (D:12)
  2 deep elf pyromancers
  2 manticores
  3 cyclopes
  Joseph (D:9)
  A kobold demonologist (D:10)
  A gargoyle (D:13)
  2 trolls
  A polar bear (shapeshifter) (D:12)
  A hornet (D:9)
  5 slime creatures (D:12)
  10 flying skulls (D:12)
  A spriggan (D:8)
  15 yaks
  3 wraiths
  A shadow (D:13)
  2 water elementals (D:11)
  A basilisk (D:13)
  A yak (shapeshifter) (D:12)
  Grum (D:8)
  Menkaure (D:6)
  2 vampire mosquitoes (D:12)
  3 acid dragons
  Duvessa (D:7)
  6 orc warriors
  2 black bears
  An ogre (D:4)
  6 wolves (D:8)
  3 phantoms
  11 centaurs
  4 kobold brigands
  A bullfrog (D:9)
  4 necrophages
  5 gnoll sergeants
  5 scorpions
  9 wights
  Dowan (D:7)
  7 howler monkeys
  5 electric eels
  2 gnoll shamans
  2 jellies
  5 orc priests
  9 hounds
  Jessica (D:3)
  15 orc wizards
  6 iguanas
  32 gnolls
  11 adders
  2 shadow imps
  2 white imps
  2 ufetubi (D:5)
  3 worms (D:2)
  53 orcs
  4 ball pythons
  6 bats
  7 endoplasms
  3 giant cockroaches
  11 goblins
  7 hobgoblins
  4 jackals (D:1)
  3 quokkas
  2 frilled lizards
  28 kobolds
  10 rats
  5 bushes
383 creatures vanquished.

Vanquished Creatures (collateral kills)
  Maggie (D:7)
  5 flying skulls (D:12)
  An acid dragon (D:9)
  A gnoll (D:9)
8 creatures vanquished.

Vanquished Creatures (others)
  22 plants (D:11)
22 creatures vanquished.

Grand Total: 413 creatures vanquished

Notes
Turn   | Place    | Note
-------+----------+-------------------------------------------
     0 | D:1      | Haaias the Minotaur Berserker began the quest for the Orb.
     0 | D:1      | Reached XP level 1. HP: 19/19 MP: 0/0
   236 | D:1      | Reached skill level 4 in Axes
   236 | D:1      | Reached XP level 2. HP: 15/27 MP: 1/1
   241 | D:1      | Found a faded altar of an unknown god.
  1339 | D:1      | Reached XP level 3. HP: 26/33 MP: 2/2
  1620 | D:1      | Reached ** piety under Trog
  2551 | D:2      | Reached skill level 5 in Axes
  2554 | D:2      | Reached XP level 4. HP: 24/40 MP: 3/3
  3481 | D:3      | Found a radiant altar of Vehumet.
  3776 | D:3      | Noticed a black bear
  3785 | D:3      | Killed a black bear
  3786 | D:3      | Reached skill level 6 in Axes
  3786 | D:3      | Reached skill level 1 in Stealth
  3786 | D:3      | Reached XP level 5. HP: 31/46 MP: 4/4
  3975 | D:3      | Noticed Jessica
  3989 | D:3      | Killed Jessica
  4623 | D:3      | Identified the ring of Ufyov {MP+9 Slay+3}
  4788 | D:3      | Reached XP level 6. HP: 51/52 MP: 5/5
  5667 | D:4      | Reached *** piety under Trog
  5775 | D:4      | Reached skill level 7 in Axes
  6175 | D:4      | Reached XP level 7. HP: 59/59 MP: 6/6
  6182 | D:4      | Reached skill level 8 in Axes
  6470 | D:5      | Entered Level 5 of the Dungeon
  6475 | D:5      | Reached skill level 5 in Armour
  6810 | D:5      | Reached skill level 9 in Axes
  6884 | D:5      | Reached XP level 8. HP: 59/66 MP: 7/7
  8210 | D:6      | Reached **** piety under Trog
  8211 | D:6      | Reached skill level 10 in Axes
  8430 | D:6      | Gained mutation: You are somewhat resistant to further
                  | mutation. [potion of mutation]
  8496 | D:6      | Noticed Menkaure
  8501 | D:6      | Killed Menkaure
  9140 | D:6      | Reached skill level 11 in Axes
  9230 | D:6      | Reached XP level 9. HP: 55/70 MP: 8/8
 10551 | D:7      | Noticed Dowan
 10552 | D:7      | Noticed Duvessa
 10564 | D:7      | Killed Duvessa
 10565 | D:7      | Killed Dowan
 10851 | D:7      | Noticed Maggie
 10862 | D:7      | Found a staircase to the Ecumenical Temple.
 11057 | D:7      | Reached skill level 12 in Axes
 11177 | D:7      | Killed Maggie
 11549 | D:7      | Reached skill level 13 in Axes
 11911 | D:8      | Noticed Grum
 11921 | D:8      | Killed Grum
 11922 | D:8      | Reached XP level 10. HP: 77/78 MP: 9/9
 12073 | D:8      | Reached skill level 10 in Armour
 12571 | D:8      | HP: 3/78 [acid dragon/splash of acid (14)]
 12576 | D:8      | Reached skill level 14 in Axes
 13104 | D:8      | Found a staircase to the Lair.
 13658 | D:8      | Found Goaschep's General Store.
 13977 | D:8      | Reached skill level 5 in Dodging
 14044 | D:9      | Noticed Erica
 14044 | D:9      | Found a blossoming altar of Fedhas.
 14379 | D:9      | Reached ***** piety under Trog
 14454 | D:9      | Noticed Joseph
 14465 | D:9      | Killed Erica
 14470 | D:9      | Killed Joseph
 14471 | D:9      | Reached skill level 15 in Axes
 15503 | D:10     | Entered Level 10 of the Dungeon
 15792 | D:9      | Reached XP level 11. HP: 42/84 MP: 10/10
 16735 | D:10     | Reached skill level 16 in Axes
 17588 | D:11     | Lost mutation: You are somewhat resistant to further
                  | mutation. [potion of mutation]
 17588 | D:11     | Gained mutation: You passively map a small area around you.
                  | [potion of mutation]
 17588 | D:11     | Gained mutation: You have sharp toenails. [potion of
                  | mutation]
 17588 | D:11     | Gained mutation: You occasionally shout uncontrollably at
                  | your foes. [potion of mutation]
 17595 | D:11     | Found a staircase to the Orcish Mines.
 19249 | D:11     | You fall into a shaft and drop 1 floor!
 19360 | D:11     | Found a runed translucent door.
 19384 | D:11     | Received a gift from Trog
 19385 | D:11     | Reached skill level 17 in Axes
 19624 | D:11     | Noticed supermoro's ghost (journeyman GrFi)
 19638 | D:11     | Killed supermoro's ghost
 19915 | D:12     | Noticed a tengu warrior
 19922 | D:12     | Killed a tengu warrior
 19960 | D:12     | Noticed a skeletal warrior
 19963 | D:12     | Noticed a skeletal warrior
 19984 | D:12     | Noticed a six-headed hydra
 19989 | D:12     | Killed a ten-headed hydra
 19993 | D:12     | Noticed a skeletal warrior
 19996 | D:12     | Noticed a skeletal warrior
 19999 | D:12     | Noticed a skeletal warrior
 20003 | D:12     | Killed a skeletal warrior
 20004 | D:12     | Reached XP level 12. HP: 61/91 MP: 11/11
 20120 | D:12     | Reached skill level 18 in Axes
 20120 | D:12     | Reached skill level 15 in Armour
 20875 | D:12     | Noticed a centaur warrior
 20886 | D:12     | Killed a centaur warrior
 21466 | D:12     | Found the +3 giant club "Skullcrusher" {speed, Str+7}
 22390 | D:13     | Noticed an eight-headed hydra
 22397 | D:13     | Reached skill level 19 in Axes
 22404 | D:13     | Killed a 14-headed hydra
 22635 | D:13     | Noticed a tengu warrior
 22641 | D:13     | Killed a tengu warrior
 22836 | D:13     | Noticed a centaur warrior
 22837 | D:13     | Noticed Frances
 22842 | D:13     | Killed a centaur warrior
 22849 | D:13     | Killed Frances
 22852 | D:13     | Reached XP level 13. HP: 96/96 MP: 12/12
 23543 | D:13     | Reached skill level 20 in Axes
 23802 | D:13     | Found a shimmering blue altar of Sif Muna.
 23989 | Orc:1    | Entered Level 1 of the Orcish Mines
 23989 | Orc:1    | Noticed Sonja
 24005 | Orc:1    | Slain by Sonja

Illustrated notes

Levels and vault maps discovered:
D:1:      dpeg_arrival_tiny_f, layout_basic, dreamdust_ecumenical_altar_grove
D:2:      layout_rooms
D:3:      layout_basic, general_overflow_altar, uniq_jessica
D:4:      layout_basic
D:5:      layout_basic
D:6:      layout_rooms, minmay_hedge_maze, uniq_menkaure
D:7:      layout_rooms, temple_pool_b, uniq_maggie, uniq_duvessa
D:8:      layout_gridville, erik_lair_island, serial_shops, shop, the_hattery,
          uniq_grum
D:9:      layout_basic, fedhas_bush_and_centaur_altar, uniq_joseph, uniq_erica
D:10:     layout_cross, nicolae_elevator_lobby_plus
D:11:     layout_gridville, orc_0_dummy, ebering_ghost_reflecting_pool,
          serial_bayou_lagoon_b
D:12:     layout_layer_cave, minmay_misc_feat_four_crosses,
          minmay_guarded_unrand_skullcrusher
D:13:     layout_gridville, kennysheep_orc_sif_temple, uniq_frances
Orc:1:    layout_diamond_mine, statue_in_the_mist_lemuel, roderic_batcave,
          uniq_sonja

Skill      XL: |  1  2  3  4  5  6  7  8  9 10 11 12 13 |
---------------+----------------------------------------+-----
Fighting       | 4 |  4.1
Axes           | 4 5 6 7 9 11 13 15 17 19 20 | 20.0
Dodging        | 3 4 5 |  5.1
Armour         | 3 4 5 7 9 11 14 16 | 16.1
Stealth        | 1 2 |  2.5

Action                   |  1- 3 |  4- 6 |  7- 9 | 10-12 | 13-15 || total
-------------------------+-------+-------+-------+-------+-------++-------
Melee: Hand axe          |    91 |     3 |       |       |       ||    94
       Headbutt          |    13 |    10 |    63 |   116 |     7 ||   209
       Punch             |     1 |       |     6 |     5 |       ||    12
       War axe           |       |    97 |   285 |   301 |       ||   683
       Battleaxe         |       |       |       |   157 |    29 ||   186
       Kick              |       |       |       |    73 |    10 ||    83
Invok: Berserk           |     1 |     1 |     3 |     7 |       ||    12
       Brothers in Arms  |       |       |     1 |     2 |     1 ||     4
       Trog's Hand       |       |       |       |     1 |       ||     1
  Use: Scroll            |     4 |     4 |    12 |     7 |     1 ||    28
       Potion            |       |       |     3 |     3 |       ||     6
Armor: Animal skin       |     3 |       |       |       |       ||     3
       Leather armour    |    14 |       |       |       |       ||    14
       Scale mail        |       |    36 |       |       |       ||    36
       Chain mail        |       |    16 |   107 |       |       ||   123
       Plate armour      |       |       |    27 |   308 |    44 ||   379
Dodge: Dodged            |    59 |    55 |   130 |   183 |    24 ||   451

Table legend: (Time is in decaauts)
 A = Elapsed time spent in this place.
 B = Non-inter-level travel time spent in this place.
 C = Inter-level travel time spent in this place.
 D = Time resting spent in this place.
 E = Time spent auto-exploring this place.
 F = Levels seen in this place.
 G = Mean time per level.
                   A        B        C        D        E       F      G
               +--------+--------+--------+--------+--------+-----+--------+
         Total |  24035 |  23159 |    876 |  10404 |  10329 |  14 | 1716.8 |
       Dungeon |  24018 |  23142 |    876 |  10404 |  10329 |  13 | 1847.5 |
  Orcish Mines |     17 |     17 |      0 |      0 |      0 |   1 |   17.0 |
               +--------+--------+--------+--------+--------+-----+--------+

Top non-repeatable levels by time:
     D:6: 2431 daAuts
     D:8: 2394 daAuts
    D:11: 2363 daAuts
    D:12: 2196 daAuts
     D:9: 2102 daAuts
    D:13: 1906 daAuts
     D:1: 1868 daAuts
     D:5: 1655 daAuts
     D:2: 1621 daAuts
     D:4: 1520 daAuts
     D:3: 1505 daAuts
     D:7: 1239 daAuts
    D:10: 1211 daAuts
   Orc:1: 17 daAuts
